 Dungeon Crawl Stone Soup version 0.31-a0-276-ge00219d475 (webtiles) character file.

Game seed: 16862556425894083839

113558 AIAndy the Brawler (level 16, 0/182 HPs)
             Began as a Troll Shapeshifter on July 15, 2023.
             Was a Follower of Uskayaw.
             Slain by a merfolk
             ... wielding a +0 trident
             ... led by a merfolk impaler
              (8 damage)
             ... on level 1 of the Shoals.
             The game lasted 01:46:39 (18575 turns).

AIAndy the Brawler (Troll Shapeshifter)            Turns: 18575, Time: 01:46:40

Health: 0/182      AC: 15    Str: 38    XL:     16   Next: 14%
Magic:  20/20      EV: 17    Int:  4    God:    Uskayaw [*.....]
Gold:   1824       SH:  0    Dex: 10    Spells: 15/15 levels left

rFire   . .          .
                       - Unarmed
rCold   . . .        (shield currently unavailable)
rNeg    . . .        a - melded +0 animal skin
rPois   .            H - melded +2 hat
rElec   .            L - melded scarf of Ymahots {rC+ rF+, rElec Regen+}
rCorr   .            (gloves unavailable)
SInv    .            (boots unavailable)
Will    +....        g - amulet of regeneration
Stlth   +            E - +5 ring of evasion
HPRegen 2.10/turn    O - +4 ring of protection
MPRegen 0.17/turn

%: no passive effects
@: mighty, snake-form, mesmerised, hasted, invisible, very quick
A: constrict, boosted hp, large, unfitting armour, (claws 3), regeneration 1,
(shaggy fur 1), (tough skin 1)
a: Begin Untransformation, Renounce Religion, Stomp


You were on level 1 of the Shoals.
You worshipped Uskayaw.
Uskayaw was noncommittal.
You were an enormous anaconda.
You visited 5 branches of the dungeon, and saw 24 of its levels.
You also visited: Gauntlet.

You collected 2779 gold pieces.
You spent 955 gold pieces at shops.


Innate Abilities, Weirdness & Mutations

You are an enormous anaconda.
You have a powerful constriction melee attack.
Your maximum health is increased.
Your armour is entirely melded.
You are incapable of wielding weapons or throwing items.
You are too large for most types of armour.
((You have claws for hands.))
Your natural rate of healing is unusually fast.
((You are covered in fur. (AC +1)))
((You have tough skin. (AC +1)))


   Skills:
 + Level 8.2 Fighting
 + Level 8.2 Dodging
 + Level 16.9 Unarmed Combat
 - Level 7.3 Invocations
 - Level 4.1 Evocations
 + Level 15.5 Shapeshifting


You had 15 spell levels left.
You didn't know any spells.
Your spell library contained the following spells:

 Spells                   Type           Power      Damage    Failure   Level
 Apportation              Tloc           0%         N/A       50%         1
 Necrotise                Necr           0%         1d4       50%         1
 Slow                     Hex            0%         N/A       50%         1
 Ensorcelled Hibernation  Hex/Ice        0%         N/A       65%         2
 Confusing Touch          Hex            0%         N/A       86%         3
 Frozen Ramparts          Ice            0%         1d1       86%         3
 Ignite Poison            Fire/Tmut/Pois 0%         N/A       86%         3
 Mephitic Cloud           Conj/Pois/Air  0%         N/A       86%         3
 Ozocubu's Armour         Ice            0%         N/A       86%         3
 Vampiric Draining        Necr           0%         2d6       86%         3
 Leda's Liquefaction      Hex/Erth       0%         N/A       99%         4
 Sticky Flame             Conj/Fire      0%         2d3       99%         4
 Agony                    Necr           0%         N/A       100%        5
 Alistair's Intoxication  Tmut/Pois      0%         N/A       100%        5
 Lee's Rapid Deconstruct  Erth           0%         3d4*      100%        5
 Summon Forest            Summ/Tloc      0%         N/A       100%        5
 Eringya's Noxious Bog    Tmut/Pois      0%         4d6       100%        6
 Leda's Unmaking          Conj/Erth      0%         9d1       100%        6
 Ozocubu's Refrigeration  Ice            0%         4d7       100%        7
 Summon Hydra             Summ           0%         N/A       100%        7
 Ignition                 Fire           0%         3d3       100%        8

Inventory:

Missiles
 p - 2 throwing nets {=f}
Armour
 a - a +0 animal skin (melded)
 H - a +2 hat (melded)
 J - a +0 hat of see invisible
 L - the scarf of Ymahots (melded) {rC+ rF+, rElec Regen+}
   (You acquired it on level 1 of the Lair of Beasts)

   rElec:     It insulates you from electricity.
   Regen:     It increases your rate of health regeneration.
Jewellery
 g - an amulet of regeneration (around neck)
 z - a ring of willpower
 C - a ring of protection from cold
 E - a +5 ring of evasion (left hand)
 I - a +6 ring of intelligence
 N - a ring of positive energy
 O - a +4 ring of protection (right hand)
 S - an amulet of reflection
Talismans
 d - a serpent talisman
 X - a maw talisman
Wands
 x - a wand of flame (23)
 B - a wand of charming (7)
 D - a wand of quicksilver (6)
 K - a wand of mindburst (2)
 M - a wand of iceblast (11)
 Y - a wand of digging (26)
 Z - a wand of polymorph (5)
Scrolls
 e - 9 scrolls of teleportation {@r4}
 f - 6 scrolls of immolation {!r}
 k - 2 scrolls of brand weapon
 l - a scroll of enchant armour
 n - 2 scrolls of enchant weapon
 q - 3 scrolls of butterflies
 r - 6 scrolls of vulnerability {!r}
 t - a scroll of blinking
 v - 4 scrolls of fear
 w - 4 scrolls of fog
 y - 6 scrolls of revelation
 F - 4 scrolls of poison {!r}
 T - 4 scrolls of identify {@r1}
Potions
 b - 2 potions of lignification {!q}
 h - 4 potions of magic
 i - 4 potions of might
 j - 5 potions of haste {@q3}
 m - 2 potions of berserk rage {!q}
 o - 4 potions of attraction {!q}
 s - 2 potions of brilliance
 A - 2 potions of cancellation
 P - 9 potions of curing {@q1}
 R - 2 potions of enlightenment
 U - 5 potions of mutation {!q}
 V - a potion of resistance
Miscellaneous
 u - a phantom mirror
 G - a piece from Xom's chessboard (15/15)
 Q - a tin of tremorstones (2/2)

Dungeon Overview and Level Annotations

Branches:
Dungeon (15/15)            Temple (1/1) D:4            Lair (5/5) D:11
 Shoals (1/4) Lair:2       Spider (0/4) Lair:3        Slime (0/5) Lair:5
    Orc (2/2) D:10            Elf (0/3) Orc:2        Vaults (0/5) D:14
 Depths (0/4) D:15        Gauntlet (visited)

Altars:
Ashenzari
Cheibriados
Dithmenos
Elyvilon
Fedhas
Gozag
Hepliaklqana
Kikubaaqudgha
Makhleb
Nemelex Xobeh
Okawaru
Qazlal
Ru
Sif Muna
Trog
Uskayaw
Vehumet
Wu Jian
Xom
Yredelemnul
Zin
The Shining One

Shops:
D:3 ?   D:10 *[*(   Orc:1 !   Orc:2 ![:*

Portals:
Abyss: D:15

Annotations:
D:11 2 transporters, syranez's ghost, journeyman DjFE
D:15 2 transporters, Tuq Dali's ghost, journeyman TrSh

≈≈~~≈≈≈≈≈≈≈≈≈≈≈≈≈≈≈≈≈≈≈≈
~~~~~≈≈≈≈≈≈≈~~≈≈≈≈≈≈≈≈≈≈≈≈
~~...≈≈≈≈≈≈~~~≈≈≈≈≈≈≈≈≈≈≈≈
~....≈≈~≈≈≈≈~~≈≈≈≈≈≈≈≈≈≈≈≈
.>...~~~≈≈≈~~~≈≈≈≈≈≈≈≈≈≈≈≈
..#)..~~≈≈~~~~~~≈≈≈≈≈~~~~~
.))....~~≈~~~~~~~~≈≈≈~~~~~
≈.).~...~≈~~..?mm~~≈≈≈~~~~
≈≈≈≈~~..≈≈≈~.##.Sm~)≈≈≈≈~~
.~≈≈≈≈..~≈~....~~.m≈≈≈≈~~~
.~≈~≈~..~~~~~~~~~~~≈≈~~~~~
.~~..~~~~~≈~~~~~~~≈≈≈~~~~.
..~~...~~~≈≈~~~~~~≈≈≈~~~~.
~~≈≈..~≈~~~~~~≈≈≈≈≈≈≈~~~~~
≈≈≈≈~.≈≈≈~~~~~≈≈≈≈≈≈~~~~~~
≈≈≈≈≈≈≈≈≈~~~~~≈≈≈≈≈≈~~~~~~
~≈≈≈≈≈≈≈≈≈≈≈≈≈≈≈≈≈≈≈≈~~~≈≈


You could see a merfolk impaler, 2 merfolk and a merfolk siren (mesmerising).


Message History

The merfolk hits you with a +0 trident.
* * * LOW HITPOINT WARNING * * *
The merfolk impaler hits you with a +0 trident!
* * * LOW HITPOINT WARNING * * *
You feel much better. The merfolk misses you.
The merfolk impaler barely misses you.
The merfolk siren chants its luring song.
The merfolk hits you with a +0 trident!
* * * LOW HITPOINT WARNING * * *
You fade into invisibility!
The merfolk impaler misses you. The merfolk barely misses you.
The merfolk siren chants its luring song.
The merfolk impaler hits you but does no damage.
The merfolk hits you with a +0 trident.
* * * LOW HITPOINT WARNING * * *
You feel yourself speed up. The merfolk misses you.
The merfolk impaler misses you. The merfolk siren misses you.
The merfolk impaler hits you with a +0 trident.
* * * LOW HITPOINT WARNING * * *
The merfolk barely misses you.
You feel very mighty all of a sudden. The merfolk closely misses you.
The merfolk impaler hits you with a +0 trident.
* * * LOW HITPOINT WARNING * * *
The merfolk siren hits you from afar with a +0 spear!
* * * LOW HITPOINT WARNING * * *
You closely miss the merfolk impaler. Your grab misses the merfolk impaler.
The merfolk impaler is severely wounded.
The merfolk hits you with a +0 trident!
You die...

Skill      XL: |  1  2  3  4  5  6  7  8  9 10 11 12 13 14 15 |
---------------+----------------------------------------------+-----
Shapeshifting  | 4 6 7 8 9 10 11 13 14 15 | 15.5
Unarmed Combat | 5 8 10 11 13 15 16 | 16.9
Fighting       | 2 4 5 6 7 8 |  8.2
Dodging        | 2 4 5 6 7 8 |  8.2
Invocations    | 2 4 5 6 7 |  7.3
Evocations     | 2 3 4 |  4.1

Action                     |  1- 3 |  4- 6 |  7- 9 | 10-12 | 13-15 | 16-18 || total
---------------------------+-------+-------+-------+-------+-------+-------++-------
  Melee: Unarmed           |    82 |    63 |   238 |   352 |   794 |    54 ||  1583
         Constrict         |    12 |    11 |    52 |    66 |   157 |    13 ||   311
 Invoke: Line Pass         |       |       |       |     1 |       |       ||     1
         Stomp             |       |       |       |     1 |       |       ||     1
  Evoke: Wand              |       |       |       |    13 |    25 |       ||    38
         Piece from Xom's  |       |       |       |     3 |     1 |       ||     4
         Tin of tremorston |       |       |       |     2 |     2 |       ||     4
    Use: Scroll            |       |     5 |     6 |     9 |    10 |       ||    30
         Potion            |       |       |       |     4 |     4 |     5 ||    13
   Stab: Sleeping          |     1 |       |     1 |       |       |       ||     2
         Paralysed         |       |       |    17 |    26 |    97 |     5 ||   145
 Armour: Skin              |    39 |    18 |    98 |   143 |   216 |    19 ||   533
  Dodge: Dodged            |    32 |    23 |    87 |   244 |   487 |    66 ||   939
   Form: Anaconda          |     1 |       |       |     2 |     1 |       ||     4
                           |       |       |       |     2 |       |       ||     2
         Maw               |       |       |       |       |     1 |       ||     1

Levels and vault maps discovered:
D:1:      onia_arrival_mini_maze_b, layout_basic, grunt_decor_junction,
          palyth_stone_intersect, serial_park_tiny_pond
D:2:      layout_rooms, minmay_door_square
D:3:      layout_loops_ring, zin_scriptorium, serial_shops, shop, uniq_grinder
D:4:      minmay_angry_zag, layout_rooms, minmay_temple_entry_wispy,
          roderic_roman_lattice
D:5:      layout_layer_cave, minmay_misc_feat_four_crosses
D:6:      layout_rooms
D:7:      layout_cave_pods, lemuel_round_altar
D:8:      layout_basic, nicolae_figureground_sparkle
D:9:      layout_loops_ring
D:10:     layout_irregular_city, david_orc_4, serial_shops,
          nicolae_shop_dealshenge, nicolae_shop_hallway_stairs,
          nicolae_shop_tiny_real_fake_doors, shop
D:11:     layout_irregular_city, lair_entry_dummy, gammafunk_ghost_arena,
          gauntlet_entry_generic, nicolae_uskayaw_suspiria, uniq_erolcha,
          uniq_sonja
D:12:     layout_cave_pools, minmay_puff, uniq_urug
D:13:     layout_irregular_city, uniq_frances
D:14:     layout_irregular_city, grunt_vaults_entry_fortified
D:15:     grunt_enter_depths_snipers, layout_loops_cross,
          gammafunk_ghost_abyssal_escape, minmay_misc_feat_cross
Temple:   nicolae_temple_slightly_damp_pantheon
Lair:1:   layout_roguey, grunt_forest_small_clearing_treed, lemuel_fruit_fields,
          infiniplex_staircase_pool_2
Lair:2:   layout_gridlike, nicolae_shoals_entry_flooding, minivault_19
Lair:3:   layout_regular_city, nicolae_spider_entry_non_spiders,
          nicolae_lair_grazing_beasts [nicolae_sub_lair_graze_edge,
          nicolae_sub_lair_graze_edge, nicolae_sub_lair_graze_edge,
          nicolae_sub_lair_graze_edge], grunt_megastairs_1, uniq_fannar
Lair:4:   layout_gridlike, gammafunk_lair_bear_cave, uniq_snorg, uniq_rupert
Lair:5:   hangedman_lair_in_review, layout_regular_city, slime_entry_1,
          serial_bayou_shore_a
Shoals:1: layout_shoals
Orc:1:    layout_diamond_mine, serial_shops, shop
Orc:2:    st_orc_elflike, layout_caves

Notes
Turn   | Place    | Note
-------+----------+-------------------------------------------
     0 | D:1      | AIAndy the Troll Shapeshifter began the quest for the Orb.
     0 | D:1      | Reached XP level 1. HP: 19/19 MP: 0/0
   142 | D:1      | Reached XP level 2. HP: 14/27 MP: 1/1
   465 | D:1      | Reached XP level 3. HP: 18/33 MP: 2/2
   554 | D:1      | Reached skill level 4 in Shapeshifting
  1174 | D:2      | Reached XP level 4. HP: 26/41 MP: 3/3
  1682 | D:3      | Noticed Grinder
  1688 | D:3      | Killed Grinder
  1689 | D:3      | Reached skill level 6 in Shapeshifting
  1689 | D:3      | Reached XP level 5. HP: 26/48 MP: 4/4
  1689 | D:3      | Reached XP level 6. HP: 31/55 MP: 5/5
  1866 | D:3      | Found Juemaoxi's Magic Scroll Emporium.
  1874 | D:3      | Bought a scroll of noise for 13 gold pieces
  1874 | D:3      | Bought a scroll of fear for 52 gold pieces
  1874 | D:3      | Bought a scroll of identify for 26 gold pieces
  1900 | D:3      | Found a glowing silver altar of Zin.
  2360 | D:4      | Reached skill level 7 in Shapeshifting
  2360 | D:4      | Reached XP level 7. HP: 53/62 MP: 6/6
  2404 | D:4      | Found a staircase to the Ecumenical Temple.
  2412 | D:4      | You fall into a shaft and drop 3 floors!
  2446 | D:5      | Entered Level 5 of the Dungeon
  2679 | Temple   | Entered the Ecumenical Temple
  2723 | Temple   | Became a worshipper of Uskayaw the Reveller
  2983 | D:4      | Reached * piety under Uskayaw
  2984 | D:4      | Reached ** piety under Uskayaw
  3500 | D:5      | Reached skill level 8 in Shapeshifting
  4161 | D:6      | Reached XP level 8. HP: 70/70 MP: 7/7
  4327 | D:6      | Reached *** piety under Uskayaw
  4328 | D:6      | Reached **** piety under Uskayaw
  4331 | D:6      | Reached skill level 3 in Unarmed Combat
  4450 | D:6      | Reached skill level 4 in Unarmed Combat
  4586 | D:7      | Reached skill level 9 in Shapeshifting
  4643 | D:7      | Reached skill level 5 in Unarmed Combat
  4795 | D:7      | Found a hazy altar of Hepliaklqana.
  4923 | D:7      | Reached XP level 9. HP: 76/76 MP: 8/8
  5395 | D:8      | Reached skill level 6 in Unarmed Combat
  5428 | D:8      | Reached ***** piety under Uskayaw
  6152 | D:9      | Reached skill level 7 in Unarmed Combat
  6277 | D:9      | Reached skill level 2 in Fighting
  6277 | D:9      | Reached skill level 2 in Dodging
  6373 | D:9      | Paralysed by a hornet for 3 turns
  6385 | D:9      | Reached skill level 8 in Unarmed Combat
  6468 | D:9      | Reached XP level 10. HP: 86/89 MP: 9/9
  6471 | D:9      | Reached skill level 3 in Fighting
  6471 | D:9      | Reached skill level 3 in Dodging
  6474 | D:9      | Reached ****** piety under Uskayaw
  6477 | D:9      | Reached skill level 10 in Shapeshifting
  6529 | D:9      | Reached skill level 9 in Unarmed Combat
  6847 | D:10     | Entered Level 10 of the Dungeon
  6855 | D:10     | Found Doriri Geynn's General Store.
  6863 | D:10     | Bought a scroll of identify for 22 gold pieces
  6863 | D:10     | Bought 2 potions of curing for 66 gold pieces
  6864 | D:10     | Bought 2 scrolls of butterflies for 88 gold pieces
  6877 | D:10     | Found Heifas's Antique Armour Shop.
  7042 | D:10     | Reached skill level 4 in Fighting
  7045 | D:10     | Reached skill level 4 in Dodging
  7090 | D:10     | Found a staircase to the Orcish Mines.
  7280 | D:10     | Found Bumerice's General Store.
  7347 | D:10     | Found Corph's Weapon Shop.
  7633 | D:11     | Found a gate leading to a gauntlet.
  7650 | D:11     | Reached skill level 1 in Invocations
  7673 | Gauntlet | Entered a Gauntlet
  7673 | Gauntlet | Found a transporter.
  7673 | Gauntlet | Found a transporter.
  7681 | Gauntlet | Found a transporter.
  7685 | Gauntlet | Found a transporter.
  7687 | Gauntlet | Noticed a tengu warrior
  7693 | Gauntlet | Found a transporter.
  7697 | Gauntlet | Found a transporter.
  7701 | Gauntlet | Noticed a death drake
  7702 | Gauntlet | Noticed a spectral centaur warrior
  7706 | Gauntlet | Found a transporter.
  7718 | Gauntlet | Noticed an elephant
  7719 | Gauntlet | Noticed a dire elephant
  7721 | Gauntlet | Found a transporter.
  7735 | Gauntlet | Found a transporter.
  7739 | Gauntlet | Found a transporter.
  7741 | Gauntlet | Noticed a death scarab
  7747 | Gauntlet | Found a transporter.
  7751 | Gauntlet | Found a transporter.
  7765 | Gauntlet | Noticed a wizard
  7806 | Gauntlet | Paralysed by a hornet for 2 turns
  7867 | Gauntlet | Killed a death scarab
  7868 | Gauntlet | Reached skill level 10 in Unarmed Combat
  7868 | Gauntlet | Reached skill level 2 in Invocations
  7868 | Gauntlet | Reached XP level 11. HP: 64/101 MP: 11/11
  7990 | Gauntlet | Noticed a minotaur
  8010 | Gauntlet | Killed a minotaur
  8028 | Gauntlet | Got the Catalogue of Feathers and the Chill
  8185 | D:11     | Found a transporter.
  8189 | D:11     | Noticed a tengu reaver
  8190 | D:11     | Noticed syranez's ghost (journeyman DjFE)
  8221 | D:11     | Noticed Sonja
  8225 | D:11     | Killed Sonja
  8248 | D:11     | Found a staircase to the Lair.
  8290 | D:11     | Found a hide-covered altar of Uskayaw.
  8368 | D:11     | Noticed Erolcha
  8373 | D:11     | Killed Erolcha
  8374 | D:11     | Reached skill level 5 in Fighting
  8374 | D:11     | Reached skill level 5 in Dodging
  8374 | D:11     | Reached skill level 3 in Invocations
  8413 | D:11     | Found a transporter.
  8787 | Lair:1   | Entered Level 1 of the Lair of Beasts
  8981 | Lair:1   | Reached skill level 1 in Evocations
  9075 | Lair:1   | Noticed a death yak
  9084 | Lair:1   | Killed a death yak
  9132 | Lair:1   | Reached skill level 4 in Invocations
  9424 | Lair:1   | Identified a scroll of acquirement
  9424 | Lair:1   | Acquired the scarf of Ymahots {rC+ rF+, rElec Regen+}
  9553 | Lair:2   | Reached skill level 2 in Evocations
  9553 | Lair:2   | Reached skill level 11 in Shapeshifting
  9584 | Lair:2   | Reached XP level 12. HP: 113/113 MP: 14/14
  9846 | Lair:2   | Reached skill level 11 in Unarmed Combat
  9849 | Lair:2   | Reached skill level 6 in Fighting
  9850 | Lair:2   | Reached skill level 6 in Dodging
 10006 | Lair:2   | Reached skill level 5 in Invocations
 10008 | Lair:2   | Reached skill level 3 in Evocations
 10048 | Lair:2   | Identified the +6 morningstar "Omelette" {freeze, Int+3}
 10393 | Lair:3   | Found a hole to the Spider Nest.
 10553 | Lair:3   | Noticed Fannar
 10562 | Lair:3   | Killed Fannar
 10660 | Lair:3   | Noticed a dire elephant
 10663 | Lair:3   | Noticed a four-headed hydra
 10676 | Lair:3   | Killed a four-headed hydra
 10701 | Lair:3   | Killed a dire elephant
 10704 | Lair:3   | Reached XP level 13. HP: 98/123 MP: 16/16
 10831 | Lair:3   | Reached skill level 6 in Invocations
 10831 | Lair:3   | Reached skill level 4 in Evocations
 10838 | Lair:3   | Reached skill level 7 in Dodging
 10841 | Lair:3   | Reached skill level 7 in Fighting
 11244 | Lair:4   | Reached skill level 12 in Unarmed Combat
 11387 | Lair:4   | Noticed Snorg
 11414 | Lair:4   | Killed Snorg
 11452 | Lair:4   | Reached skill level 12 in Shapeshifting
 11581 | Lair:4   | Identified a potion of resistance
 11888 | Lair:4   | Noticed Rupert
 11900 | Lair:4   | Killed Rupert
 11974 | Lair:4   | Reached skill level 13 in Unarmed Combat
 12182 | Lair:5   | Entered Level 5 of the Lair of Beasts
 12450 | Lair:5   | Reached skill level 13 in Shapeshifting
 12464 | Lair:5   | Reached XP level 14. HP: 133/133 MP: 17/17
 12662 | Lair:5   | Found a staircase to the Slime Pits.
 12784 | Lair:5   | Reached skill level 14 in Unarmed Combat
 13503 | Orc:1    | Entered Level 1 of the Orcish Mines
 13505 | Orc:1    | Found Qaveciss's Distillery.
 13524 | Orc:1    | Bought a potion of heal wounds for 55 gold pieces
 13524 | Orc:1    | Bought a potion of heal wounds for 55 gold pieces
 13626 | Orc:2    | Entered Level 2 of the Orcish Mines
 13626 | Orc:2    | Found a staircase to the Elven Halls.
 13940 | Orc:2    | Found Heetax's Distillery.
 13954 | Orc:2    | Reached skill level 7 in Invocations
 13987 | Orc:2    | HP: 7/156 [sixfirhy[an orc high priest] (9)]
 14098 | Orc:2    | Found Abbeyjem's Armour Boutique.
 14133 | Orc:2    | Found Morem's General Store.
 14148 | Orc:2    | Found Nelik's Book Shoppe.
 14171 | Orc:2    | Bought a potion of might for 56 gold pieces
 14171 | Orc:2    | Bought a potion of heal wounds for 70 gold pieces
 14171 | Orc:2    | Bought a potion of haste for 140 gold pieces
 14171 | Orc:2    | Bought a potion of heal wounds for 70 gold pieces
 14235 | Orc:2    | Reached skill level 14 in Shapeshifting
 14487 | Orc:1    | Noticed an orc warlord
 14496 | Orc:1    | Reached skill level 15 in Unarmed Combat
 14505 | Orc:1    | Killed an orc warlord
 14900 | Orc:1    | Bought a potion of haste for 110 gold pieces
 14900 | Orc:1    | Bought a potion of might for 44 gold pieces
 14900 | Orc:1    | Bought a potion of cancellation for 88 gold pieces
 15190 | D:12     | Noticed Urug
 15192 | D:12     | Reached XP level 15. HP: 138/140 MP: 19/19
 15198 | D:12     | Killed Urug
 16035 | D:13     | Noticed Frances
 16048 | D:13     | Killed Frances
 16049 | D:13     | Reached skill level 16 in Unarmed Combat
 16645 | D:14     | Reached skill level 15 in Shapeshifting
 17099 | D:14     | Found a gate to the Vaults.
 17337 | D:15     | Entered Level 15 of the Dungeon
 17537 | D:15     | Found a transporter.
 17723 | D:15     | Found a transporter.
 17723 | D:15     | Noticed Tuq Dali's ghost (journeyman TrSh)
 17787 | D:15     | Found a one-way gate to the infinite horrors of the Abyss.
 17912 | D:15     | Noticed a Hell Sentinel
 17949 | D:15     | Reached skill level 8 in Dodging
 17950 | D:15     | Noticed a frost giant
 17954 | D:15     | Killed a frost giant
 17955 | D:15     | Reached skill level 8 in Fighting
 17961 | D:15     | Reached XP level 16. HP: 67/152 MP: 20/20
 18023 | D:15     | Found a staircase to the Depths.
 18243 | Shoals:1 | Entered Level 1 of the Shoals
 18570 | Shoals:1 | HP: 15/182 [merfolk impaler/+0 trident (14)]
 18574 | Shoals:1 | HP: 7/182 [merfolk siren/+0 spear (11)]
 18575 | Shoals:1 | Slain by a merfolk

Vanquished Creatures
  Rupert (Lair:4)
  Frances (D:13)
  A frost giant (D:15)
  An orc warlord (Orc:1)
  2 dire elephants
  A minotaur (Gauntlet)
  Snorg (Lair:4)
  Fannar (Lair:3)
  6 hydras
  Erolcha (D:11)
  3 vault guards (D:14)
  6 boulder beetles
  3 two-headed ogres
  3 catoblepae
  3 centaur warriors
  2 tengu warriors (D:15)
  4 death yaks
  A death scarab (Gauntlet)
  Urug (D:12)
  3 orc high priests (Orc:2)
  Sonja (D:11)
  13 skeletal warriors
  5 skysharks
  A lindwurm (Lair:5)
  A wizard (D:15)
  2 sea snakes (Shoals:1)
  9 orc knights
  3 deep elf pyromancers
  19 ugly things
  8 manticores
  2 cyclopes (D:12)
  8 orc sorcerers
  3 fauns (Shoals:1)
  6 black mambas
  A merfolk siren (Shoals:1)
  A molten gargoyle (Lair:2)
  A water nymph (Lair:2)
  27 elephants
  7 slime creatures
  3 gargoyles
  14 cane toads
  2 torpor snails
  A yaktaur (D:14)
  3 rime drakes
  A tengu conjurer (D:14)
  10 komodo dragons
  A kobold demonologist (D:12)
  3 merfolk (Shoals:1)
  6 polar bears
  8 trolls
  2 wind drakes (Shoals:1)
  A wolf spider simulacrum (D:13)
  4 hornets
  Grinder (D:3)
  3 snapping turtles (Shoals:1)
  3 dream sheep (Lair:5)
  13 blink frogs
  A shadow (D:11)
  48 yaks
  8 wyverns
  4 fire bats (Lair:2)
  A vampire (D:11)
  A human (D:14)
  A basilisk (D:11)
  12 vampire mosquitoes
  2 wargs
  An acid dragon (D:11)
  8 water moccasins
  A spectral torpor snail (Gauntlet)
  2 ice beasts
  26 orc warriors
  2 black bears
  17 wolves
  7 ogres
  3 centaurs (D:9)
  2 phantoms
  3 kobold brigands
  14 bullfrogs
  2 gnoll sergeants
  7 scorpions
  11 wights
  5 killer bees (D:11)
  4 howler monkeys
  2 electric eels
  3 jellies
  14 orc priests
  2 gnoll boudas
  4 hounds
  3 iguanas
  29 orc wizards
  4 adders
  15 gnolls
  2 ufetubi
  2 worms (Lair:3)
  4 dart slugs
  61 orcs
  6 ball pythons
  5 bats
  8 endoplasms
  4 giant cockroaches
  7 goblins
  12 hobgoblins
  5 jackals
  13 kobolds
  6 quokkas
  6 frilled lizards
  9 rats
661 creatures vanquished.

Table legend: (Time is in decaauts)
 A = Elapsed time spent in this place.
 B = Non-inter-level travel time spent in this place.
 C = Inter-level travel time spent in this place.
 D = Time resting spent in this place.
 E = Time spent auto-exploring this place.
 F = Levels seen in this place.
 G = Mean time per level.
                   A        B        C        D        E       F      G
               +--------+--------+--------+--------+--------+-----+--------+
         Total |  18279 |  16945 |   1334 |    277 |  13048 |  25 |  731.2 |
       Dungeon |  11344 |  10477 |    867 |     99 |   8403 |  15 |  756.3 |
        Temple |    189 |    171 |     18 |      0 |    143 |   1 |  189.0 |
          Lair |   4583 |   4291 |    292 |     82 |   3187 |   5 |  916.6 |
        Shoals |    315 |    315 |      0 |      0 |    193 |   1 |  315.0 |
  Orcish Mines |   1361 |   1206 |    155 |     68 |    856 |   2 |  680.5 |
      Gauntlet |    486 |    486 |      0 |     28 |    266 |   1 |  486.0 |
               +--------+--------+--------+--------+--------+-----+--------+

Top non-repeatable levels by time:
     D:5: 1131 daAuts
  Lair:5: 1099 daAuts
  Lair:4: 951 daAuts
     D:1: 942 daAuts
    D:10: 911 daAuts
     D:8: 907 daAuts
  Lair:3: 870 daAuts
    D:14: 859 daAuts
  Lair:2: 846 daAuts
   Orc:2: 818 daAuts
  Lair:1: 815 daAuts
    D:13: 782 daAuts
     D:3: 756 daAuts
    D:15: 749 daAuts
    D:11: 737 daAuts

Table legend:
 A = Non-vault XP
 B = Vault XP
 C = Vault XP percentage of total XP
 D = Non-vault monster count
 E = Vault monster count
 F = Vault count percentage of total count
                 A         B        C        D         E       F
            +---------+---------+-------+---------+---------+-------
      Total |  115936 |   46291 |  28.5 |     539 |     122 |  18.5
            +---------+---------+-------+---------+---------+-------
        D:1 |      62 |       2 |   3.1 |      32 |       1 |   3.0
        D:2 |      35 |       0 |   0.0 |      15 |       0 |   0.0
        D:3 |      43 |     272 |  86.3 |      19 |       1 |   5.0
        D:4 |     425 |     113 |  21.0 |      16 |       6 |  27.3
        D:5 |     371 |       0 |   0.0 |      13 |       0 |   0.0
        D:6 |     725 |       0 |   0.0 |      20 |       0 |   0.0
        D:7 |     793 |       0 |   0.0 |      24 |       0 |   0.0
        D:8 |     641 |       0 |   0.0 |      15 |       0 |   0.0
        D:9 |    3980 |       0 |   0.0 |      39 |       0 |   0.0
       D:10 |    1124 |     816 |  42.1 |      13 |      17 |  56.7
       D:11 |    1240 |    1660 |  57.2 |      12 |       2 |  14.3
       D:12 |    8258 |    3396 |  29.1 |      18 |       7 |  28.0
       D:13 |    9041 |    1522 |  14.4 |      20 |       1 |   4.8
       D:14 |   13674 |    5462 |  28.5 |      27 |      10 |  27.0
       D:15 |   11147 |    2841 |  20.3 |      18 |       3 |  14.3
     Lair:1 |    4998 |       0 |   0.0 |      18 |       0 |   0.0
     Lair:2 |    9185 |     452 |   4.7 |      33 |       1 |   2.9
     Lair:3 |    9328 |    4381 |  32.0 |      38 |      14 |  26.9
     Lair:4 |    8329 |    3494 |  29.6 |      25 |       6 |  19.4
     Lair:5 |   14545 |   10444 |  41.8 |      41 |      21 |  33.9
   Shoals:1 |    8643 |       0 |   0.0 |      18 |       0 |   0.0
      Orc:1 |    7366 |       0 |   0.0 |      55 |       0 |   0.0
      Orc:2 |    1983 |    8210 |  80.5 |      10 |      25 |  71.4
   Gauntlet |       0 |    3226 | 100.0 |       0 |       7 | 100.0
            +---------+---------+-------+---------+---------+-------
